 Dungeon Crawl Stone Soup version 0.28-a0-10-g964c8b829e (webtiles) character file.

Game seed: 13535636235417163246

64419 Spaninq the Severer (level 15, -22/125 HPs)
             Began as a Hill Orc Delver on July 25, 2021.
             Was the Champion of Beogh.
             Killed from afar by a merfolk aquamancer (32 damage)
             ... with a shard of ice
             ... on level 1 of the Shoals.
             The game lasted 01:18:42 (26209 turns).

Spaninq the Severer (Hill Orc Delver)              Turns: 26209, Time: 01:18:43

Health: -22/125    AC: 27    Str: 28    XL:     15   Next: 13%
Magic:  17/19      EV: 11    Int: 14    God:    Beogh [******]
Gold:   1727       SH:  8    Dex: 12    Spells: 14/14 levels left

rFire   . . .      SeeInvis .   k - +0 broad axe (elec)
rCold   . . .      Faith    .   E - +2 buckler
rNeg    + . .      Spirit   .   i - +3 chain mail {Will+}
rPois   +          Reflect  .   R - +2 helmet
rElec   .          Harm     .   p - +0 cloak
rCorr   .          Rampage  .   b - +0 pair of gloves
Will    ++...                   S - +3 pair of boots of the Big Bang {rN+ Int+4}
Stlth   ..........              l - amulet of the acrobat
HPRegen 0.30/turn               n - +6 ring of strength
MPRegen 0.16/turn               O - ring of poison resistance

@: marked, engulfed (cannot breathe), mesmerised, recalling
A: walk on water, frail 1
a: Renounce Religion, Smiting, Stop Recall, Give Item to Named Follower,
Resurrection


You were on level 1 of the Shoals.
You worshipped Beogh.
Beogh was exalted by your worship.
You visited 4 branches of the dungeon, and saw 22 of its levels.
You visited 1 bazaar.
You also visited: Bailey.

You collected 3004 gold pieces.
You spent 1277 gold pieces at shops.

Inventory:

Hand Weapons
 k - a +0 broad axe of electrocution (weapon)
 y - a +1 scimitar of flaming
Armour
 b - a +0 pair of gloves (worn)
 i - a +3 chain mail of willpower (worn)
 m - a +1 pair of boots
 p - a +0 cloak (worn)
 E - a +2 buckler (worn)
 H - a +1 chain mail of poison resistance
 I - a +0 tower shield
 K - a +1 plate armour of cold resistance
 R - a +2 helmet (worn)
 S - the +3 pair of boots of the Big Bang (worn) {rN+ Int+4}
   (You bought it in a shop in a bazaar)

   Int:       It affects your intelligence (+4).
   rN:        It protects you from negative energy.
 T - a +0 kite shield
Jewellery
 l - an amulet of the acrobat (around neck)
 n - a +6 ring of strength (left hand)
 o - the ring of Jamuph {+Blink rF++ rC+ Dex-4 Slay+4}
   (You bought it in a shop in a bazaar)

   [ring of protection from cold]

   Dex:       It affects your dexterity (-4).
   Slay:      It affects your accuracy & damage with ranged weapons and melee
   (+4).
   rF:        It greatly protects you from fire.
   rC:        It protects you from cold.
   +Blink:    It lets you blink.
 z - a ring of fire
 B - a ring of protection from cold
 G - a ring of resist corrosion
 J - a +4 ring of evasion
 M - a ring of protection from cold
 O - a ring of poison resistance (right hand)
 P - a ring of protection from cold
Wands
 g - a wand of digging (7)
 q - a wand of flame (118)
 s - a wand of paralysis (7)
 t - a wand of mindburst (26)
 u - a wand of polymorph (9)
 N - a wand of iceblast (16)
Scrolls
 a - 6 scrolls of enchant armour
 c - 3 scrolls of fog
 d - 4 scrolls of magic mapping
 e - 5 scrolls of fear
 h - 3 scrolls of amnesia
 j - 9 scrolls of identify
 v - 3 scrolls of blinking
 Q - 3 scrolls of teleportation
Potions
 f - 2 potions of haste
 r - a potion of might
 w - 5 potions of resistance
 x - a potion of berserk rage
 A - 2 potions of flight
 C - a potion of magic
 D - 7 potions of curing
 F - 3 potions of brilliance


   Skills:
 + Level 14.8 Fighting
 - Level 18.0 Axes
 + Level 13.4 Armour
 + Level 6.2 Dodging
 - Level 4.1 Stealth
 + Level 10.6 Shields
 - Level 6.0 Invocations


You had 14 spell levels left.
You didn't know any spells.
Your spell library contained the following spells:

 Spells                   Type           Power      Damage    Failure   Level
 Animate Skeleton         Necr           0%         N/A       71%         1
 Apportation              Tloc           0%         N/A       71%         1
 Corona                   Hex            0%         N/A       71%         1
 Shock                    Conj/Air       0%         1d3       71%         1
 Summon Small Mammal      Summ           0%         N/A       71%         1
 Ensorcelled Hibernation  Hex/Ice        0%         N/A       85%         2
 Ignite Poison            Fire/Tmut/Pois 0%         N/A       97%         3
 Mephitic Cloud           Conj/Pois/Air  0%         N/A       97%         3
 Portal Projectile        Hex/Tloc       0%         N/A       97%         3
 Swiftness                Air            0%         N/A       97%         3
 Tukima's Dance           Hex            0%         N/A       97%         3
 Airstrike                Air            0%         N/A       100%        4
 Animate Armour           Summ/Erth      0%         N/A       100%        4
 Passage of Golubria      Tloc           N/A        N/A       100%        4
 Petrify                  Tmut/Erth      0%         N/A       100%        4
 Summon Lightning Spire   Summ/Air       0%         N/A       100%        4
 Blade Hands              Tmut           0%         N/A       100%        5
 Bolt of Magma            Conj/Fire/Erth 0%         4d4       100%        5
 Excruciating Wounds      Necr           0%         N/A       100%        5
 Fireball                 Conj/Fire      0%         3d3       100%        5
 Iskenderun's Battlesphe  Conj           0%         2d6       100%        5
 Metabolic Englaciation   Hex/Ice        0%         N/A       100%        5
 Silence                  Hex/Air        0%         N/A       100%        5
 Conjure Ball Lightning   Conj/Air       0%         3x3d6     100%        6
 Iron Shot                Conj/Erth      0%         9d1       100%        6
 Statue Form              Tmut/Erth      0%         N/A       100%        6
 Monstrous Menagerie      Summ           0%         N/A       100%        7
 Orb of Destruction       Conj           0%         N/A       100%        7
 Lehudib's Crystal Spear  Conj/Erth      0%         10d2      100%        8


Dungeon Overview and Level Annotations

Branches:
Dungeon (13/15)            Temple (0/1) D:7            Lair (6/6) D:10
 Shoals (1/4) Lair:3        Snake (0/4) Lair:4        Slime (0/5) Lair:5
    Orc (2/2) D:12            Elf (0/3) Orc:2        Bailey (visited)
 Vaults: D:13-14

Altars:
Ashenzari
Dithmenos
Elyvilon
Fedhas
Gozag
Makhleb
Nemelex Xobeh
Okawaru
Trog
Xom
Yredelemnul
Zin
The Shining One
Jiyva

Shops:
D:6 *   D:9 [   Orc:1 [   Orc:2 *([(

Annotations:
Shoals:1 Frances


Innate Abilities, Weirdness & Mutations

You can walk on water.
You are frail. (-10% HP)


Message History

Your lungs strain for air!
Your orc warrior is recalled.
Your orc priest is recalled.
The harpy claws you but does no damage. x2; The harpy claws Murdo.
The harpy closely misses Murdo.
You block the harpy's attack. x2
The harpy misses Murdo.
The harpy claws Murdo.
The harpy claws you.
* * * LOW HITPOINT WARNING * * *
The harpy claws you but does no damage.
Your orc wizard hits the water elemental with a +0 dagger.
Murdo hits the harpy with a +3 glaive of protection!
The water elemental hits Oreg.
The harpy claws Murdo!!
The harpy claws Murdo!
The harpy claws you but does no damage. The harpy barely misses you.
The harpy claws you but does no damage. You block the harpy's attack.
Hawl barely misses the harpy.
The merfolk siren chants its luring song.
The harpy claws Murdo!
The harpy claws Murdo.
The water elemental hits you!
* * * LOW HITPOINT WARNING * * *
The merfolk hits you but does no damage.
The harpy barely misses you. The harpy closely misses you.
Your orc high priest mumbles some strange prayers to Beogh.
Oreg roars a battlecry!
Your orcs go into a battle-frenzy!
The harpy claws Hawl.
The harpy barely misses Hawl.
You slash the water elemental!
The water elemental is moderately damaged.
You hit the harpy. You hit the harpy but do no damage.
Lightning courses through the harpy!
You kill the harpy!
Beogh accepts your kill.
You barely miss the harpy. You hit the merfolk aquamancer.
* * * LOW HITPOINT WARNING * * *
Your lungs strain for air!
Your orc priest is recalled.
Your orc warrior is recalled.
A harpy comes into view.
The harpy claws Murdo.
The harpy closely misses Murdo.
The harpy misses you. You block the harpy's attack.
The harpy claws you but does no damage. x2
The harpy claws Hawl.
The harpy claws Hawl but does no damage.
The merfolk aquamancer casts a spell at you.
The shard of ice hits you!!
You die...

≈≈≈≈≈≈≈≈≈≈≈≈≈≈≈≈≈≈≈≈≈
≈≈≈≈≈≈≈≈≈≈≈≈≈≈≈≈≈≈≈≈≈≈≈≈
≈≈≈≈≈≈≈≈≈≈≈≈≈≈≈≈≈≈≈≈≈≈≈≈
≈≈≈≈≈≈≈≈≈≈≈≈≈≈≈≈≈≈≈≈≈≈≈≈
≈≈≈≈≈≈≈≈≈≈≈≈≈≈≈≈≈≈≈≈≈≈≈≈
≈≈≈≈≈≈≈≈≈≈≈≈≈≈≈≈≈3≈≈≈≈≈≈
≈≈≈≈≈≈≈≈≈≈≈≈≈≈o≈ooo≈≈...
≈≈≈≈≈≈≈≈≈≈≈≈≈≈≈Eom≈H....
≈≈≈≈≈≈≈≈≈≈≈≈≈m≈H@†ooH...
≈≈≈≈≈≈≈≈≈≈≈≈≈≈≈≈Hoo.###.
≈≈≈≈≈≈≈≈≈≈≈≈≈≈≈omH.##
≈≈≈≈≈≈≈≈≈≈≈≈≈≈oE...#
≈≈≈≈≈≈≈≈≈≈≈≈≈≈.##@... ≈
≈≈≈≈≈≈≈≈..# .4.H. ≈
≈≈≈≈≈≈≈... ...... ≈
≈≈≈≈≈≈... .....# ≈


You could see Frances, a merfolk aquamancer, a merfolk, an ice devil (summoned),
2 water elementals, a merfolk siren (mesmerising), 6 harpies, the friendly
Ognian the orc warlord (strong), the friendly Oreg the orc warlord, the friendly
Murdo the orc knight (strong), a friendly orc high priest (strong), a friendly
sun demon (summoned), 2 friendly orc warriors, 2 friendly orc priests, the
friendly Hawl the orc priest (strong) and 2 friendly orc wizards.

Vanquished Creatures
  An orc warlord (Orc:2)
  A dire elephant (Lair:6)
  A deep elf high priest (D:12)
  Erolcha (Orc:2)
  3 hydras
  2 boulder beetles
  Erica (D:7)
  A catoblepas (Lair:6)
  4 two-headed ogres
  3 death yaks (Lair:6)
  Urug (D:10)
  Nergalle (Lair:2)
  An orc knight (Bailey)
  A deep elf pyromancer (D:12)
  A lindwurm (Lair:6)
  2 harpies (Shoals:1)
  An orc sorcerer (Orc:2)
  An ugly thing (D:12)
  2 manticores
  A merfolk siren (Lair:3)
  3 cyclopes (D:12)
  An elephant (Lair:4)
  2 torpor snails
  2 black mambas
  3 gargoyles
  Maggie (D:9)
  10 cane toads
  2 unseen horrors (D:12)
  Psyche (D:12)
  5 komodo dragons
  A rime drake (Lair:4)
  2 trolls
  3 polar bears
  7 blink frogs
  3 hornets
  5 slime creatures
  5 dream sheep (Lair:6)
  A centaur simulacrum (D:12)
  A vampire (D:6)
  A wraith (D:11)
  Sigmund (D:4)
  21 yaks
  2 water elementals (D:12)
  A wyvern (Lair:4)
  Eustachio (D:5)
  3 basilisks
  3 steam dragons
  4 vampire mosquitoes (D:11)
  A warg (Orc:2)
  Menkaure (D:6)
  Duvessa (D:5)
  2 ice beasts
  10 water moccasins
  2 black bears (D:4)
  2 necrophages
  8 orc warriors
  6 wolves
  4 ogres
  2 centaurs
  2 phantoms
  3 kobold brigands
  Blork the orc (D:6)
  5 bullfrogs
  A gnoll sergeant (D:8)
  Dowan (D:5)
  A wyvern skeleton (D:7)
  5 scorpions
  4 killer bees (D:9)
  5 wights (D:6)
  2 electric eels (D:12)
  6 howler monkeys
  2 hounds
  10 orc priests
  A gnoll shaman (D:7)
  3 jellies
  6 centaur zombies
  Crazy Yiuf (D:4)
  5 hell rats
  12 orc wizards
  An iguana (D:6)
  A howler monkey skeleton (D:5)
  13 gnolls
  7 adders
  A shadow imp (D:5)
  2 white imps
  An adder skeleton (D:2)
  A worm (D:3)
  2 dart slugs
  17 orcs
  3 bats
  8 endoplasms
  4 giant cockroaches
  9 goblins
  8 hobgoblins
  7 jackals
  25 kobolds
  4 quokkas
  6 ball pythons
  7 frilled lizards
  2 rats (D:1)
369 creatures vanquished.

Vanquished Creatures (collateral kills)
  Jorgrun (D:12)
  Louise (Shoals:1)
  An ettin (D:12)
  6 hydras
  A boulder beetle (D:12)
  2 catoblepae (Lair:6)
  A centaur warrior (D:13)
  2 two-headed ogres
  An ogre mage (D:12)
  3 death yaks (D:10)
  4 orc high priests (Orc:2)
  A sea snake (Shoals:1)
  A wolf spider (Lair:6)
  3 manticores
  An ugly thing (D:12)
  4 elephants
  4 black mambas
  2 gargoyles (D:12)
  5 rime drakes
  5 komodo dragons
  3 cane toads
  An unseen horror (D:11)
  2 trolls (D:12)
  4 blink frogs
  A wind drake (Shoals:1)
  5 slime creatures
  7 dream sheep (Lair:6)
  13 yaks
  A water elemental (Shoals:1)
  3 wyverns
  A basilisk (shapeshifter) (D:13)
  2 basilisks
  6 wargs
  An acid dragon (D:13)
  5 water moccasins
  5 orc warriors
  A wolf (Lair:4)
  4 centaurs
  12 bullfrogs
  2 killer bees (D:9)
  2 howler monkeys
  3 electric eels (D:12)
  6 orc priests (Orc:2)
  A jelly (Lair:5)
  An iguana (Lair:6)
  11 orc wizards
  5 hell rats
  8 orcs
  An endoplasm (Lair:5)
  2 quokkas (D:10)
  A rat (D:10)
  A fungus (Lair:3)
170 creatures vanquished.

Vanquished Creatures (others)
  An orc knight (Lair:6)
  12 orc warriors
  19 orc priests
  4 orc wizards
  39 orcs
  A goblin (D:3)
  A hobgoblin (D:3)
  2 quokkas (D:3)
  A frilled lizard (D:3)
  2 kobolds (D:8)
  28 fungi
  47 plants
157 creatures vanquished.

Grand Total: 696 creatures vanquished

Notes
Turn   | Place    | Note
-------+----------+-------------------------------------------
     0 | D:5      | Spaninq the Hill Orc Delver began the quest for the Orb.
     0 | D:5      | Reached XP level 1. HP: 19/19 MP: 1/1
    21 | D:5      | Reached skill level 3 in Axes
    21 | D:5      | Reached XP level 2. HP: 4/27 MP: 2/2
   361 | D:3      | Became a worshipper of Beogh the Brigand
   377 | D:3      | Reached skill level 1 in Armour
   386 | D:3      | Reached XP level 3. HP: 19/33 MP: 3/3
   677 | D:2      | Reached skill level 4 in Axes
  1355 | D:1      | Found a faded altar of an unknown god.
  1435 | D:1      | Reached XP level 4. HP: 40/40 MP: 4/4
  1619 | D:2      | Reached * piety under Beogh
  1656 | D:2      | HP: 2/40 [poisoned by an adder]
  2762 | D:3      | Reached skill level 5 in Axes
  2772 | D:3      | Reached XP level 5. HP: 19/47 MP: 5/5
  3417 | D:4      | Noticed Sigmund
  3703 | D:4      | Found a basalt altar of Yredelemnul.
  3846 | D:4      | Noticed a black bear
  3856 | D:4      | Killed a black bear
  3857 | D:4      | Reached skill level 5 in Fighting
  3857 | D:4      | Reached skill level 6 in Axes
  3857 | D:4      | Reached XP level 6. HP: 29/56 MP: 6/6
  4374 | D:4      | Found a glowing silver altar of Zin.
  4576 | D:4      | Found a runed translucent door.
  4577 | D:4      | Noticed Crazy Yiuf
  4582 | D:4      | Killed Crazy Yiuf
  4583 | D:4      | Reached skill level 7 in Axes
  4583 | D:4      | Reached XP level 7. HP: 61/61 MP: 7/7
  4633 | D:4      | Killed Sigmund
  4851 | D:4      | Reached skill level 8 in Axes
  4864 | D:4      | Identified a scroll of acquirement
  4865 | D:4      | Acquired a +5 vorpal battleaxe
  5084 | D:4      | Found an opulent altar of Gozag.
  5323 | D:5      | Reached XP level 8. HP: 71/71 MP: 8/8
  5431 | D:5      | Reached skill level 9 in Axes
  5517 | D:5      | Noticed Duvessa
  5517 | D:5      | Noticed Dowan
  5526 | D:5      | Killed Duvessa
  5527 | D:5      | Reached skill level 5 in Armour
  5540 | D:5      | Killed Dowan
  5720 | D:5      | Noticed Eustachio
  5727 | D:5      | Killed Eustachio
  5760 | D:5      | Found a broken altar of Ashenzari.
  5765 | D:5      | Identified the +2 dagger "Otetraap" {vorpal, SInv}
  5867 | D:5      | Found a white marble altar of Elyvilon.
  5867 | D:5      | Found a bloodstained altar of Trog.
  5962 | D:6      | Noticed Menkaure
  5971 | D:5      | Reached skill level 10 in Axes
  5984 | D:6      | Reached ** piety under Beogh
  6073 | D:6      | Reached skill level 1 in Invocations
  6076 | D:6      | Reached XP level 9. HP: 79/79 MP: 8/10
  6320 | D:6      | Found Konn's Assorted Antiques.
  6339 | D:6      | Reached skill level 11 in Axes
  6613 | D:6      | Noticed Blork the orc
  6617 | D:6      | Killed Blork the orc
  6674 | D:6      | Found an iron altar of Okawaru.
  6763 | D:6      | Killed Menkaure
  6872 | D:6      | Found a blossoming altar of Fedhas.
  7367 | D:7      | Found a flagged portal.
  7393 | Bailey   | Entered a bailey
  7413 | Bailey   | Noticed an orc knight
  7424 | Bailey   | Killed an orc knight
  7425 | Bailey   | Reached skill level 12 in Axes
  7425 | Bailey   | Reached XP level 10. HP: 10/90 MP: 10/13
  7800 | Bailey   | Found a bloodstained altar of Trog.
  7808 | Bailey   | Reached skill level 5 in Invocations
  8237 | D:7      | Found a shimmering altar of Xom.
  8270 | D:7      | Found a staircase to the Ecumenical Temple.
  8771 | D:8      | Noticed Erica
  8789 | D:7      | Killed Erica
  8790 | D:7      | Reached skill level 13 in Axes
  9394 | D:8      | Reached *** piety under Beogh
  9861 | D:8      | Reached skill level 10 in Fighting
 10289 | D:9      | Identified the +4 trident "Jiaqast" {flame, Dex+2}
 10334 | D:9      | Identified the +1 scale mail "Wina" {Drain *Slow rElec
                  | rCorr Str+9}
 10382 | D:9      | Reached skill level 14 in Axes
 10387 | D:9      | Reached XP level 11. HP: 97/99 MP: 15/15
 10562 | D:9      | Noticed Maggie
 10569 | D:9      | Killed Maggie
 10965 | D:9      | Noticed a two-headed ogre
 10973 | D:9      | Killed a two-headed ogre
 10974 | D:9      | Reached skill level 1 in Shields
 11104 | D:9      | You fall into a shaft and drop 2 floors!
 11149 | D:11     | Noticed a boulder beetle
 11160 | D:11     | Killed a boulder beetle
 11211 | D:11     | Reached skill level 15 in Axes
 11493 | D:10     | Entered Level 10 of the Dungeon
 11540 | D:10     | Noticed Urug
 11546 | D:10     | Killed Urug
 11846 | D:10     | Reached **** piety under Beogh
 11912 | D:10     | Noticed a death yak
 11912 | D:10     | Noticed a death yak
 11913 | D:10     | Noticed a death yak
 11914 | D:10     | Found a staircase to the Lair.
 11918 | D:10     | Killed a death yak
 11922 | D:10     | Killed a death yak
 11926 | D:10     | Killed a death yak
 11977 | D:10     | Found a shadowy altar of Dithmenos.
 12197 | D:10     | Reached XP level 12. HP: 108/109 MP: 16/16
 12263 | D:9      | Found Sivideuf's Antique Armour Boutique.
 12271 | D:9      | Bought a scorched chain mail for 247 gold pieces
 12271 | D:9      | Identified the +1 chain mail of Eternal Night {Rampage
                  | Str+2} (You bought it in a shop on level 9 of the Dungeon)
 12275 | D:9      | Found a sparkling altar of Nemelex Xobeh.
 12457 | D:9      | Found a burning altar of Makhleb.
 12814 | D:10     | Found a glowing golden altar of the Shining One.
 13413 | D:11     | Noticed a two-headed ogre
 13422 | D:11     | Killed a two-headed ogre
 13423 | D:11     | Reached skill level 16 in Axes
 13423 | D:11     | Reached skill level 10 in Armour
 13661 | D:11     | Noticed a two-headed ogre
 13668 | D:11     | Killed a two-headed ogre
 13775 | D:11     | Gained Orgrim as an ally
 14671 | D:12     | Noticed a boulder beetle
 14684 | D:12     | Killed a boulder beetle
 14685 | D:12     | Reached skill level 5 in Shields
 14850 | D:12     | Noticed a five-headed hydra
 14858 | D:12     | Killed a two-headed hydra
 14875 | D:12     | Gained Murdo as an ally
 14885 | D:12     | Gained Morbeogh as an ally
 14891 | D:12     | Your ally Morbeogh died
 14915 | D:12     | Your ally Orgrim died
 14999 | D:12     | Noticed an ogre mage
 15003 | D:12     | Killed an ogre mage
 15005 | D:12     | Noticed a deep elf high priest
 15011 | D:12     | Killed a deep elf high priest
 15112 | D:12     | Noticed Psyche
 15117 | D:12     | Killed Psyche
 15118 | D:12     | Reached skill level 17 in Axes
 15257 | D:12     | Noticed an ettin
 15263 | D:12     | Killed an ettin
 15294 | D:12     | Reached XP level 13. HP: 36/118 MP: 17/17
 15738 | D:12     | Reached ***** piety under Beogh
 15890 | D:12     | Found a staircase to the Orcish Mines.
 16166 | D:12     | Noticed Jorgrun
 16181 | D:12     | Killed Jorgrun
 16181 | D:12     | Gained Ognian as an ally
 17457 | D:13     | Reached skill level 18 in Axes
 18097 | Lair:1   | Entered Level 1 of the Lair of Beasts
 19279 | Lair:2   | Noticed Nergalle
 19286 | Lair:2   | Killed Nergalle
 19778 | Lair:3   | Found a staircase to the Shoals.
 20688 | Lair:4   | Gained Zartorak as an ally
 20910 | Lair:4   | Reached XP level 14. HP: 93/129 MP: 18/18
 21131 | Lair:4   | Found a staircase to the Snake Pit.
 21419 | Lair:4   | Identified the +2 robe of Objectivity {rPois Regen+ Int-5}
 21880 | Lair:5   | Found a runed translucent door.
 21883 | Lair:5   | Found a viscous altar of Jiyva.
 21884 | Lair:5   | Found a staircase to the Slime Pits.
 22960 | Orc:1    | Entered Level 1 of the Orcish Mines
 22960 | Orc:1    | Noticed an orc warlord
 22987 | Orc:1    | Found Uschooraj's Antique Armour Boutique.
 23223 | Orc:2    | Entered Level 2 of the Orcish Mines
 23223 | Orc:2    | Noticed Erolcha
 23227 | Orc:2    | Killed Erolcha
 23229 | Orc:2    | Gained Oreg as an ally
 23340 | Orc:2    | Found a flickering gateway to a bazaar.
 23351 | Bazaar   | Entered a bazaar
 23353 | Bazaar   | Found Zonigg's Antique Armour Boutique.
 23357 | Bazaar   | Found Meixt's Armour Boutique.
 23357 | Bazaar   | Found Kafroff's General Store.
 23358 | Bazaar   | Found Abaurr's Jewellery Boutique.
 23382 | Bazaar   | Bought the ring of Jamuph {+Blink rF++ rC+ Dex-4 Slay+4}
                  | for 649 gold pieces
 23398 | Bazaar   | Bought a pair of faintly humming boots for 237 gold pieces
 23398 | Bazaar   | Identified the +3 pair of boots of the Big Bang {rN+ Int+4}
                  | (You bought it in a shop in a bazaar)
 23989 | Orc:2    | Found a staircase to the Elven Halls.
 23995 | Orc:2    | Noticed an orc warlord
 24012 | Orc:2    | Killed an orc warlord
 24148 | Orc:2    | Gained mutation: You are frail. (-10% HP) [a neqoxec]
 24160 | Orc:2    | Found Suotag's General Store.
 24160 | Orc:2    | Found Oweoblarr's Armour Emporium.
 24161 | Orc:2    | Found Etramiod's Antique Weapon Emporium.
 24165 | Orc:2    | Found Imoibebb's Antique Weapon Shoppe.
 24174 | Orc:2    | Reached ****** piety under Beogh
 24219 | Orc:2    | Bought a slimy halberd for 144 gold pieces
 24219 | Orc:2    | Identified the +4 halberd of Linearity {freeze, Int+2
                  | Dex+4} (You bought it in a shop on level 2 of the Orcish
                  | Mines)
 24560 | Orc:2    | Reached skill level 5 in Dodging
 24859 | Lair:6   | Entered Level 6 of the Lair of Beasts
 25051 | Lair:6   | Reached skill level 10 in Shields
 25331 | Lair:6   | Gained Hawl as an ally
 25344 | Lair:6   | Got the Papyrus of Calling and Conjuration
 25587 | Lair:6   | Noticed a dire elephant
 25599 | Lair:6   | Reached XP level 15. HP: 87/125 MP: 19/19
 25602 | Lair:6   | Your ally Zartorak died
 25861 | Shoals:1 | Entered Level 1 of the Shoals
 25889 | Shoals:1 | Noticed Louise
 25906 | Shoals:1 | Killed Louise
 26205 | Shoals:1 | Noticed Frances
 26209 | Shoals:1 | Killed from afar by a merfolk aquamancer

Illustrated notes

Levels and vault maps discovered:
D:1:      dpeg_arrival_tiny_g, layout_basic,
          dreamdust_ecumenical_altar_hidden_monk_grotto
D:2:      layout_rooms, minmay_small_reverse_x
D:3:      layout_basic, hangedman_feature_mirror, minmay_cut_off
D:4:      minmay_inner_zag, layout_loops_ring,
          pdpol_temple_overflow_zin_treasury_gozag_greed,
          mainiacjoe_overflow_boulevard, palyth_stone_intersect, uniq_sigmund,
          uniq_crazy_yiuf_cottage
D:5:      layout_rooms, mainiacjoe_overflow_alcove_2,
          gammafunk_temple_overflow_wave, uniq_duvessa, uniq_eustachio
D:6:      layout_loops_ring, lemuel_doored_altar, mainiacjoe_overflow_chevrons,
          serial_shops, nicolae_take_the_stairs, uniq_menkaure,
          uniq_blork_the_orc
D:7:      layout_basic, old_standard_altar, minmay_temple_entry_large_hall,
          enter_bailey_5
D:8:      layout_loops_corners, uniq_erica
D:9:      layout_irregular_city, mainiacjoe_overflow_brackets, kennysheep_mini,
          serial_shops, shop, minivault_5, uniq_maggie
D:10:     layout_loops_corners, nicolae_dithmenos_through_a_glass_darkly,
          marbit_many_paths, dpeg_lair_monsters, serial_park_tiny_pond,
          uniq_urug
D:11:     layout_roguey
D:12:     nzn_winding_woodlands_cross [nzn_winding_woodlands_5x15_sawtooth,
          nzn_winding_woodlands_5x15_zeroes, nzn_winding_woodlands_5x15_pockets,
          nzn_winding_woodlands_5x15_lazy_stream,
          nzn_winding_woodlands_15x15_thick_spiral], layout_basic, st_stairs_12,
          uniq_psyche, uniq_jorgrun
D:13:     layout_cave_pods
Lair:1:   layout_regular_city, st_stairs_11
Lair:2:   layout_cave_pods, patterned_corridor, uniq_nergalle
Lair:3:   layout_hall_layers, minmay_shoals_entry_lonely_mermaid,
          serial_bayou_shore_b
Lair:4:   layout_cave_pods, dummy_snake_entry, st_stairs_8,
          chequers_serial_rivers_small_a
Lair:5:   layout_regular_city, slime_altar_2, lemuel_fruit_tree,
          grunt_megastairs_2
Lair:6:   guppyfry_lair_end_dragon, layout_big_grid, hangedman_lair_in_review
Shoals:1: layout_shoals, nicolae_shoals_aquamancer_cove, uniq_louise,
          uniq_frances, uniq_aizul
Orc:1:    layout_diamond_mine, serial_shops, nicolae_shop_waterfront
Orc:2:    st_orc_mages, layout_diamond_mine, serial_shops, freezing_bzr,
          uniq_erolcha

Skill      XL: |  1  2  3  4  5  6  7  8  9 10 11 12 13 14 |
---------------+-------------------------------------------+-----
Axes           | 3 4 5 6 7 8 10 12 14 15 17 18 | 18.0
Armour         | 1 2 3 4 5 7 8 9 10 12 13 | 13.4
Fighting       | 4 5 6 7 8 10 11 12 13 14 | 14.8
Invocations    | 1 4 6 |  6.0
Shields        | 3 6 8 10 | 10.6
Dodging        | 3 6 |  6.2
Stealth        | |  4.1

Action                   |  1- 3 |  4- 6 |  7- 9 | 10-12 | 13-15 || total
-------------------------+-------+-------+-------+-------+-------++-------
Melee: Hand axe          |   110 |   121 |       |       |       ||   231
       War axe           |       |    68 |    25 |       |       ||    93
       Battleaxe         |       |       |   128 |   334 |       ||   462
       Broad axe         |       |       |       |    17 |   477 ||   494
       Scimitar          |       |       |       |     4 |    16 ||    20
Invok: Convert to Beogh  |     1 |       |       |       |       ||     1
       Smiting           |       |       |     4 |     2 |       ||     6
       Recall Orcish Fol |       |       |       |     4 |    13 ||    17
       Give Item to Name |       |       |       |       |     3 ||     3
Evoke: Wand              |       |       |       |       |     1 ||     1
  Use: Potion            |       |     4 |     2 |     2 |     2 ||    10
       Scroll            |       |     4 |     8 |     8 |     3 ||    23
 Stab: Sleeping          |     4 |     1 |       |       |       ||     5
       Distracted        |       |       |       |     3 |     7 ||    10
       Petrified         |       |       |       |       |     5 ||     5
       Petrifying        |       |       |       |       |     1 ||     1
Armor: Leather armour    |    15 |       |       |       |       ||    15
       Ring mail         |    25 |    16 |       |       |       ||    41
       Chain mail        |       |    67 |    83 |   216 |   196 ||   562
       Plate armour      |       |       |       |     6 |       ||     6
Dodge: Dodged            |    77 |    88 |    98 |   231 |   213 ||   707
Block: Buckler           |       |       |       |       |   155 ||   155
       Rpst.: Scimitar   |       |       |       |       |     1 ||     1

Table legend: (Time is in decaauts)
 A = Elapsed time spent in this place.
 B = Non-inter-level travel time spent in this place.
 C = Inter-level travel time spent in this place.
 D = Time resting spent in this place.
 E = Time spent auto-exploring this place.
 F = Levels seen in this place.
 G = Mean time per level.
                   A        B        C        D        E       F      G
               +--------+--------+--------+--------+--------+-----+--------+
         Total |  26136 |  24680 |   1456 |   4169 |  15616 |  24 | 1089.0 |
       Dungeon |  17685 |  16676 |   1009 |   3444 |  10245 |  13 | 1360.4 |
          Lair |   5815 |   5403 |    412 |    121 |   4290 |   6 |  969.2 |
        Shoals |    341 |    341 |      0 |      0 |    263 |   1 |  341.0 |
  Orcish Mines |   1587 |   1553 |     34 |    128 |    809 |   2 |  793.5 |
        Bazaar |     69 |     69 |      0 |      0 |      0 |   1 |   69.0 |
        Bailey |    636 |    636 |      0 |    476 |      8 |   1 |  636.0 |
               +--------+--------+--------+--------+--------+-----+--------+

Top non-repeatable levels by time:
    D:12: 2402 daAuts
    D:11: 1933 daAuts
     D:4: 1774 daAuts
    D:10: 1471 daAuts
     D:3: 1369 daAuts
     D:8: 1285 daAuts
     D:6: 1284 daAuts
  Lair:4: 1227 daAuts
     D:9: 1146 daAuts
     D:7: 1101 daAuts
     D:2: 1078 daAuts
    D:13: 1027 daAuts
  Lair:3: 1019 daAuts
     D:5: 1015 daAuts
   Orc:2: 994 daAuts
